Construct Infanterie Kompanie
Selects Mechanized Battlegroup
Construct Luftwaffe Kompanie
Luftwaffe Officer Quarters
Selects 8 Rad Armored Car
Marder III M Tank Destroyer
Selects Mobile Repair Stations
Marder III M Tank Destroyer
Selects Wespe Self-propelled Artillery
Wespe Self-propelled Artillery
Marder III M Tank Destroyer
Wespe Self-propelled Artillery
Marder III M Tank Destroyer
Marder III M Tank Destroyer
Marder III M Tank Destroyer
Selects Panther Heavy Tank
Selects Zeroing Artillery Barrage
Marder III M Tank Destroyer
Marder III M Tank Destroyer
Zeroing Artillery Barrage